 Dungeon Crawl Stone Soup version 0.27-a0-1287-gca74d27db6 (webtiles) character file.

Game seed: 17100516682817791145

24 solopath the Slasher (level 2, 0/22 HPs)
             Began as a Demonspawn Gladiator on June 15, 2021.
             Was an Initiate of Gozag.
             Slain by a gnoll (1 damage)
             ... on level 2 of the Dungeon.
             The game lasted 00:01:42 (1063 turns).

solopath the Slasher (Demonspawn Gladiator)         Turns: 1063, Time: 00:01:42

Health: 0/22       AC:  8    Str: 14    XL:     2   Next: 79%
Magic:  2/2        EV: 12    Int:  9    God:    Gozag
Gold:   91         SH:  4    Dex: 14    Spells: 1/1 levels left

rFire    . . .     SeeInvis .   a - +0 long sword
rCold    . . .     Faith    .   (no shield)
rNeg     . . .     Spirit   .   b - +0 leather armour
rPois    .         Reflect  .   c - +0 helmet
rElec    .         Harm     .   (no cloak)
rCorr    .         Rampage  .   (no gloves)
Will     .....                  (no boots)
Stlth    +.........             (no amulet)
HPRegen  0.07/turn              g - +4 ring of protection
MPRegen  0.08/turn              (no ring)

@: attractive
A: condensation shield
a: Renounce Religion, Potion Petition, Call Merchant, Bribe Branch


You were on level 2 of the Dungeon.
You worshipped Gozag.
Gozag was noncommittal.
You visited 1 branch of the dungeon, and saw 2 of its levels.

You collected 91 gold pieces.

Inventory:

Hand Weapons
 a - a +0 long sword (weapon)
Missiles
 d - 3 throwing nets (quivered)
Armour
 b - a +0 leather armour (worn)
 c - a +0 helmet (worn)
Jewellery
 g - a +4 ring of protection (left hand)
Scrolls
 e - a scroll of noise {unknown}
 h - a scroll of identify
 k - a scroll of amnesia


   Skills:
 - Level 2.0 Fighting
 + Level 3.7 Long Blades
 - Level 1.7 Throwing
 - Level 2.6 Dodging


You had one spell level left.
You didn't know any spells.
Your spell library contained the following spells:

 Spells                   Type           Power      Damage    Failure   Level
 Summon Small Mammal      Summ           0%         N/A       45%         1
 Call Imp                 Summ           0%         N/A       61%         2
 Call Canine Familiar     Summ           0%         N/A       83%         3
 Summon Guardian Golem    Hex/Summ       0%         N/A       83%         3
 Summon Ice Beast         Ice/Summ       0%         N/A       99%         4
 Summon Lightning Spire   Summ/Air       0%         N/A       99%         4


Dungeon Overview and Level Annotations

Branches:
Dungeon (2/15)

Altars:
Gozag


Innate Abilities, Weirdness & Mutations

A meltable shield of frost defends you. (SH +4)


Message History

The gnoll moves out of view.
The gnoll hits you with a +2 flail of protection.
You hit the gnoll.
The gnoll is lightly wounded.
The gnoll misses you.
You riposte.
You hit the gnoll but do no damage.
The gnoll is lightly wounded.
You hit the gnoll.
The gnoll is moderately wounded.
The gnoll closely misses you.
The gnoll hits you with a +2 flail of protection!
You are too injured to fight recklessly!
You are too injured to fight recklessly!
You are too injured to fight recklessly!
You are too injured to fight recklessly!
Unknown command.
There is a stone staircase leading down here.
It was a potion of cancellation.
You feel magically purged.
The gnoll hits you with a +2 flail of protection.
* * * LOW HITPOINT WARNING * * *
It was a potion of heal wounds.
You feel much better. The gnoll hits you but does no damage.
The gnoll hits you with a +2 flail of protection.
It was a potion of magic.
Magic courses through your body. The gnoll closely misses you.
The gnoll hits you with a +2 flail of protection!
It was a potion of attraction.
You feel attractive to monsters.
The gnoll hits you from afar with a +0 spear.
* * * LOW HITPOINT WARNING * * *
The gnoll hits you with a +2 flail of protection.
* * * LOW HITPOINT WARNING * * *
Unknown command.
You aren't carrying any potions.
Unknown command.
As you read the scroll labelled IKIVOSHRESIL, it crumbles to dust.
It is a scroll of identify.
k - a scroll of amnesia The gnoll hits you from afar with a +0 spear.
You die...
Your body crumbles into a pile of gold.

.....###+#...#.#..
.... #.#.#.# ...
#.#...# .. #.##..#
. #.....# ####.g#
##g# #g# ###@###
#.....# #.....# #
#.....###.#
#.........#
###)#.##########
#.#.#.........
#.#.#.########
#.#...........


You could see 3 gnolls.

Vanquished Creatures
  2 bats (D:1)
  4 endoplasms
  A giant cockroach (D:1)
  A goblin (D:1)
  4 hobgoblins (D:1)
  A quokka (D:1)
  2 ball pythons (D:1)
  2 frilled lizards (D:1)
  2 kobolds
  4 rats
23 creatures vanquished.

Notes
Turn   | Place    | Note
-------+----------+-------------------------------------------
     0 | D:1      | solopath the Demonspawn Gladiator began the quest for the
                  | Orb.
     0 | D:1      | Reached XP level 1. HP: 16/16 MP: 1/1
   151 | D:1      | Reached skill level 3 in Long Blades
   250 | D:1      | Gained mutation: A meltable shield of frost defends you.
                  | (SH +4) [demonic ancestry]
   250 | D:1      | Reached XP level 2. HP: 13/22 MP: 2/2
   456 | D:1      | Found a faded altar of an unknown god.
   463 | D:1      | Became a worshipper of Gozag Ym Sagoz the Greedy
  1062 | D:2      | HP: 1/22 [gnoll (1)]
  1063 | D:2      | Slain by a gnoll

Illustrated notes

Levels and vault maps discovered:
D:1:      arrival_zaba_pyramid, layout_basic, dilly_ecumenical_altar_fadedgnrine
D:2:      layout_basic, serial_shops, shop

Skill      XL: |  1 |
---------------+----+-----
Long Blades    | 3 |  3.7
Fighting       | |  2.0
Throwing       | |  1.7
Dodging        | |  2.6

Action                   || total
-------------------------++-------
Melee: Long sword        ||    52
  Use: Potion            ||     4
       Scroll            ||     1
Armor: Leather armour    ||    18
Dodge: Dodged            ||    33
Block: Other             ||     7
       Rpst.: Long sword ||    11

Table legend: (Time is in decaauts)
 A = Elapsed time spent in this place.
 B = Non-inter-level travel time spent in this place.
 C = Inter-level travel time spent in this place.
 D = Time resting spent in this place.
 E = Time spent auto-exploring this place.
 F = Levels seen in this place.
 G = Mean time per level.
                   A        B        C        D        E       F      G
               +--------+--------+--------+--------+--------+-----+--------+
         Total |   1074 |   1059 |     15 |      0 |    877 |   2 |  537.0 |
       Dungeon |   1074 |   1059 |     15 |      0 |    877 |   2 |  537.0 |
               +--------+--------+--------+--------+--------+-----+--------+

Top non-repeatable levels by time:
     D:1: 969 daAuts
     D:2: 104 daAuts
